 Dungeon Crawl Stone Soup version 0.19-a0-1888-g6ba2374 (webtiles) character file.

247 Kirkhe the Digger (level 6, -1/36 HPs)
             Began as an Octopode Earth Elementalist on Oct 16, 2016.
             Slain by a wraith (9 damage)
             ... in an ossuary.
             The game lasted 00:06:34 (2368 turns).

Kirkhe the Digger (Octopode Earth Elementalist)     Turns: 2368, Time: 00:06:35

Health: -1/36      AC:  6    Str:  7    XL:     6   Next: 11%
Magic:  3/12       EV: 13    Int: 20    God:
Gold:   85         SH:  0    Dex: 12    Spells: 3 memorised, 7 levels left

rFire  . . .     SeeInvis .     b - 72 stones
rCold  . . .     Gourm    .     (no shield)
rNeg   . . .     Faith    .     (helmet restricted)
rPois  .         Spirit   .     (no amulet)
rElec  .         Dismiss  .     n - +5 ring of protection
rCorr  .         Reflect  .     (no ring)
MR     .....     Harm     .     (no ring)
Stlth  +++.......               (no ring)
                                (no ring)
                                (no ring)
                                (no ring)
                                (no ring)

@: slowed, drained, very slow
A: almost no armour, stealthy swim, amphibious, 8 rings, constrict 8, camouflage
1, gelatinous body 1
a: no special abilities


You were in an ossuary.
You were hungry.

You visited 1 branch of the dungeon, and saw 3 of its levels.
You also visited: Ossuary.

You collected 85 gold pieces.

Inventory:

Hand Weapons
 h - a +0 dagger
Missiles
 b - 72 stones (in tentacle)
 m - 18 poisoned needles
 p - 2 throwing nets
Jewellery
 n - a +5 ring of protection (left tentacle)
Scrolls
 f - a scroll of blinking {unknown}
 i - a scroll of recharging {unknown}
 k - a scroll of fog {unknown}
 l - a scroll of magic mapping {unknown}
 q - a scroll of enchant weapon {unknown}
Potions
 a - a potion of might
 g - a potion of heal wounds {unknown}
 o - a potion of berserk rage {unknown}
Books
 d - a book of Geomancy

   Spells                             Type                      Level
   a - Sandblast                      Earth                        1
   b - Passwall                       Transmutation/Earth          2
   c - Stone Arrow                    Conjuration/Earth            3
   d - Petrify                        Transmutation/Earth          4
   e - Lee's Rapid Deconstruction     Earth                        5
Comestibles
 c - 3 bread rations
 j - a beef jerky


   Skills:
 - Level 2.4(2.2) Dodging
 - Level 2.6(2.5) Stealth
 + Level 4.1(3.9) Spellcasting
 - Level 1.0(0.8) Transmutations
 + Level 5.1(4.9) Earth Magic


You had 7 spell levels left.
You knew the following spells:

 Your Spells              Type           Power        Failure   Level  Hunger
a - Sandblast             Erth           ###...       1%          1    None
b - Stone Arrow           Conj/Erth      ##....       17%         3    ###....
c - Passwall              Tmut/Erth      ###.......   10%         2    ##.....


Dungeon Overview and Level Annotations

Branches:
Dungeon (4/15)
 Temple: D:4-7

Altars:

Annotations:
D:4 exclusions: phantom and 1 more exclusion


Innate Abilities, Weirdness & Mutations

You cannot wear most types of armour.
You are very stealthy in the water. (Stealth+)
You are amphibious.
You can wear up to eight rings at the same time.
You can use your tentacles to constrict eight enemies at once.
Your skin changes colour to match your surroundings (Stealth+).
Your rubbery body absorbs attacks. (AC +1, EV +1)


Message History

The wraith hits you but does no damage.
Casting: Sandblast
Confirm with . or Enter, or press ? or * to list all spells.
Aiming: Sandblast
Press: ? - help, Shift-Dir - straight line, f/p - wraith
Aim: a wraith (heavily damaged)
The rocky blast hits the wraith.
The wraith is heavily damaged.
The wraith hits you but does no damage.
Casting: Sandblast
Confirm with . or Enter, or press ? or * to list all spells.
Aiming: Sandblast
Press: ? - help, Shift-Dir - straight line, f/p - wraith
Aim: a wraith (heavily damaged)
The rocky blast misses the wraith.
The wraith hits you.
* * * LOW HITPOINT WARNING * * *
The wraith drains your vigour!
You feel as though you will be slow longer.
The wraith hits you!
You die...

#################
#.@.............#
#.W##..###..##'.#
#.#.#..#z#..#)#.#
#.###..###..###.# #
#...............# #
#. ##..!!...###.###
#.#z#..!!!..#z#.'..
#.###..???..###.###
..............# #


You could see a wraith and a flying skull.

Vanquished Creatures
  A scorpion (D:4)
  A wight (Ossuary)
  A bullfrog skeleton (D:4)
  A hound skeleton (D:4)
  6 adders
  2 adder zombies (Ossuary)
  A dart slug (D:1)
  3 leopard geckos
  3 ball pythons
  13 goblins
  5 hobgoblins
  A ball python skeleton (Ossuary)
  3 bats
  4 frilled lizards
  2 hobgoblin zombies (Ossuary)
  3 kobolds
  2 kobold zombies (Ossuary)
  3 orc zombies (Ossuary)
  10 rats
65 creatures vanquished.

Vanquished Creatures (others)
  5 toadstools (D:1)
5 creatures vanquished.

Grand Total: 70 creatures vanquished

Notes
Turn   | Place    | Note
-------+----------+-------------------------------------------
     0 | D:1      | Kirkhe the Octopode Earth Elementalist began the quest for the Orb.
     0 | D:1      | Reached XP level 1. HP: 11/11 MP: 3/3
   463 | D:1      | Reached XP level 2. HP: 17/17 MP: 3/5
  1094 | D:2      | Reached XP level 3. HP: 21/21 MP: 4/6
  1336 | D:2      | Reached skill level 4 in Earth Magic
  1594 | D:2      | Reached XP level 4. HP: 27/27 MP: 5/8
  1732 | D:2      | You fall through a shaft for 2 floors!
  1748 | D:4      | Noticed a phantom
  1779 | D:4      | Reached XP level 5. HP: 31/31 MP: 5/10
  1943 | D:4      | Found a sand-covered staircase.
  1948 | Ossuary  | Entered an ossuary
  1955 | Ossuary  | Learned a level 3 spell: Stone Arrow
  1958 | Ossuary  | Learned a level 2 spell: Passwall
  2177 | Ossuary  | Noticed a wraith
  2177 | Ossuary  | Noticed a flying skull
  2197 | Ossuary  | Reached skill level 5 in Earth Magic
  2197 | Ossuary  | Reached XP level 6. HP: 15/36 MP: 2/12
  2337 | Ossuary  | Noticed a flying skull
  2338 | Ossuary  | Noticed a flying skull
  2339 | Ossuary  | Noticed a flying skull
  2350 | Ossuary  | Noticed a flying skull
  2354 | Ossuary  | Noticed a wraith
  2368 | Ossuary  | Slain by a wraith

Vault maps used:
D:1:      ldierk_walled_garden
D:2:      kennysheep_the_goblin_king, first_bread, kennysheep_minor_cross
D:4:      lemuel_round_altar, enter_ossuary_2, kennysheep_small_square
Ossuary:  ossuary_due_cavern

Skill      XL: |  1  2  3  4  5 |
---------------+----------------+-----
Earth Magic    | 4 5 |  5.1
Spellcasting   | 3 4 |  4.1
Dodging        | |  2.4
Stealth        | |  2.6
Transmutations | |  1.0

Action                   |  1- 3 |  4- 6 || total
-------------------------+-------+-------++-------
Melee: Unarmed           |    15 |       ||    15
       Tentacles         |     4 |       ||     4
       Constrict         |     4 |       ||     4
       Dagger            |     2 |       ||     2
 Cast: Sandblast         |    42 |    63 ||   105
  Use: Scroll            |       |     2 ||     2
       Potion            |       |     3 ||     3
 Stab: Sleeping          |     2 |       ||     2
  Eat: Chunk             |     2 |     2 ||     4
Armor: Skin              |     1 |     5 ||     6
Dodge: Dodged            |    11 |    21 ||    32
